 Dungeon Crawl Stone Soup version 0.23-a0-143-g1adec7b (webtiles) character file.

220 Amnesiac the Chiller (level 5, 0/35 HPs)
             Began as a Mummy Ice Elementalist on Sept 2, 2018.
             Slain by a wraith (8 damage)
             ... in an ossuary.
             The game lasted 00:04:43 (2206 turns).

Amnesiac the Chiller (Mummy Ice Elementalist)       Turns: 2206, Time: 00:04:43

Health: 0/35       AC:  2    Str: 12    XL:     5   Next: 64%
Magic:  4/11       EV: 12    Int: 15    God:
Gold:   70         SH:  0    Dex: 12    Spells: 1/13 levels left

rFire    x . .     SeeInvis .   a - +0 short sword (elec)
rCold    + . .     Gourm    .   (no shield)
rNeg     + + +     Faith    .   e - +0 robe
rPois    ∞         Spirit   .   (no helmet)
rElec    .         Reflect  .   (no cloak)
rCorr    .         Harm     .   (no gloves)
MR       .....                  (no boots)
Stlth    ++........             (no amulet)
HPRegen  0.11/turn              (no ring)
MPRegen  0.12/turn              (no ring)

@: very slightly contaminated, slowed, very slow
A: no food or potions, fire vulnerability, cold resistance 1, negative energy
resistance 3, torment resistance, unbreathing
a: no special abilities


You were in an ossuary.
You were not hungry.

You visited 1 branch of the dungeon, and saw 4 of its levels.
You also visited: Ossuary.

You collected 70 gold pieces.

Inventory:

Hand Weapons
 a - a +0 short sword of electrocution (weapon)
 f - a +0 blowgun
 h - a +1 mace of protection
Missiles
 g - 14 poisoned needles
Armour
 e - a +0 robe (worn)
Scrolls
 b - a scroll of noise {!r, unknown}
 c - a scroll of magic mapping {!r}
 d - 2 scrolls of teleportation {!r, unknown}
 i - a scroll of remove curse {!r, unknown}
 j - a scroll of enchant armour {!r, unknown}
 k - a scroll of immolation {!r, unknown}


   Skills:
 - Level 1.5 Dodging
 - Level 1.5 Stealth
 + Level 4.6 Spellcasting
 - Level 0.7 Conjurations
 * Level 4.6 Ice Magic


You had one spell level left.
You knew the following spells:

 Your Spells              Type           Power        Failure   Level  Hunger
a - Freeze                Ice            ###.         2%          1    N/A
b - Ozocubu's Armour      Chrm/Ice       ##......     21%         3    N/A
c - Summon Ice Beast      Ice/Summ       ##......     54%         4    N/A
d - Throw Icicle          Conj/Ice       ##......     50%         4    N/A

Your spell library contained the following spells:

 Spells                   Type           Power        Failure   Level  Hunger
 Throw Frost              Conj/Ice       ##....       9%          2    N/A

Dungeon Overview and Level Annotations

Branches:
Dungeon (4/15)
 Temple: D:4-7

Altars:


Innate Abilities, Weirdness & Mutations

You do not eat or drink.
Your flesh is vulnerable to fire.
You are immune to poison.
Your flesh is cold resistant. (rC+)
You are immune to negative energy. (rN+++)
You are immune to unholy pain and torment.
You can survive without breathing.


Message History

You hit the gnoll zombie.
The gnoll zombie is moderately damaged.
The gnoll zombie barely misses you.
You hit the gnoll zombie.
The gnoll zombie is heavily damaged.
The gnoll zombie hits you.
You hit the gnoll zombie.
The gnoll zombie is severely damaged.
The gnoll zombie hits you.
You hit the gnoll zombie.
Lightning courses through the gnoll zombie!
You destroy the gnoll zombie!
No target in view!
You start resting.
HP restored.
You found a needle trap!
You avoid triggering a needle trap.
There is a needle trap here.
Casting: Freeze (safe; 2% risk of failure)
Confirm with . or Enter, or press ? or * to list all spells.
Okay, then.
Casting: Freeze (safe; 2% risk of failure)
Confirm with . or Enter, or press ? or * to list all spells.
The spell is very dangerous to cast (54% risk of failure)!
Continue anyway?
You miscast Summon Ice Beast.
You are very lightly contaminated with residual magic.
You are caught in a localised spatial distortion.
You start resting.
HP restored.
You start resting.
Magic restored.
You start resting.
Magic restored.
You start resting.
Your magical contamination has completely faded away.
Casting: Summon Ice Beast (very dangerous; 54% risk of failure)
Confirm with . or Enter, or press ? or * to list all spells.
Okay, then.
You start resting.
HP restored.
Casting: Summon Ice Beast (very dangerous; 54% risk of failure)
Confirm with . or Enter, or press ? or * to list all spells.
The spell is very dangerous to cast (54% risk of failure)!
Continue anyway?
You miscast Summon Ice Beast.
You are very lightly contaminated with residual magic.
Shadowy shapes form in the air around you, then vanish.
Casting: Summon Ice Beast (very dangerous; 54% risk of failure)
Confirm with . or Enter, or press ? or * to list all spells.
The spell is very dangerous to cast (54% risk of failure)!
Continue anyway?
A chill wind blows around you. As you open the door, it creaks loudly!
A wraith comes into view.
Found a brown potion.
The wraith hits you.
You hit the wraith but do no damage. The wraith misses you.
You barely miss the wraith. The wraith hits you!
You hit the wraith but do no damage. The wraith hits you.
The wraith drains your vigour!
You feel yourself slow down.
You barely miss the wraith. The wraith hits you!
* * * LOW HITPOINT WARNING * * *
You hit the wraith but do no damage. Lightning courses through the wraith!
The wraith is heavily damaged.
The wraith hits you!
You die...

#. +..# +...8...+
#..####.####.....###
#...................
#............#.#....
#..####......#+#....
#.. +...8...# #...8
#..####......###....
#.....^.............
#..@Y...............
#..#W#..#.#..#.#..#.
#..#'#..#+#..#+#..#+
#..#!#..# #..# #..#
#..###..###..###..##
#.. ...............
#.. ...............
### ########'''####
##...##


You could see a wraith and a friendly ice beast.

Vanquished Creatures
  A scorpion (D:4)
  An iguana (D:4)
  2 orc wizards (D:3)
  2 adders
  2 worms
  A dart slug (D:1)
  A leopard gecko (D:2)
  8 orcs
  6 giant cockroaches
  A gnoll zombie (Ossuary)
  4 goblins
  2 hobgoblins (D:3)
  5 jackals
  2 quokkas
  2 bats
  3 frilled lizards
  2 goblin zombies (Ossuary)
  2 hobgoblin zombies (Ossuary)
  6 kobolds
  A kobold zombie (Ossuary)
  5 rats
59 creatures vanquished.

Notes
Turn   | Place    | Note
-------+----------+-------------------------------------------
     0 | D:1      | Amnesiac the Mummy Ice Elementalist began the quest for the
                  | Orb.
     0 | D:1      | Reached XP level 1. HP: 13/13 MP: 4/4
   502 | D:1      | Reached XP level 2. HP: 17/19 MP: 2/5
   757 | D:3      | Reached XP level 3. HP: 16/24 MP: 0/7
  1069 | D:3      | Reached XP level 4. HP: 25/30 MP: 5/9
  1515 | D:3      | Learned a level 3 spell: Ozocubu's Armour
  1581 | D:4      | Reached XP level 5. HP: 32/35 MP: 6/11
  1587 | D:4      | Learned a level 4 spell: Throw Icicle
  1592 | D:4      | Learned a level 4 spell: Summon Ice Beast
  1746 | D:4      | Found a sand-covered staircase.
  1759 | Ossuary  | Entered an ossuary
  1759 | Ossuary  | Noticed a wraith
  1759 | Ossuary  | Noticed a wraith
  1759 | Ossuary  | Noticed a wraith
  2200 | Ossuary  | Noticed a wraith
  2206 | Ossuary  | Slain by a wraith

Vault maps used:
D:1:      dpeg_arrival_long_road
D:3:      kennysheep_vampire_church, first_ration
D:4:      kennysheep_mini_moat, enter_ossuary_4
Ossuary:  ossuary_kennysheep_city_of_the_dead

Skill      XL: |  1  2  3  4 |
---------------+-------------+-----
Spellcasting   | 3 4 |  4.6
Ice Magic      | 3 4 |  4.6
Dodging        | |  1.5
Stealth        | |  1.5
Conjurations   | |  0.7

Action                   |  1- 3 |  4- 6 || total
-------------------------+-------+-------++-------
Melee: Unarmed           |    10 |       ||    10
       Short sword       |     1 |    43 ||    44
 Cast: Freeze            |    48 |    47 ||    95
       Summon Ice Beast  |       |     1 ||     1
  Use: Scroll            |     1 |       ||     1
Armor: Robe              |     5 |     6 ||    11
Dodge: Dodged            |    25 |    48 ||    73

Table legend:
 A = Non-vault XP
 B = Vault XP
 C = Vault XP percentage of total XP
 D = Non-vault monster count
 E = Vault monster count
 F = Vault count percentage of total count
                 A         B        C        D         E       F
            +---------+---------+-------+---------+---------+-------
      Total |     308 |       7 |   2.2 |      53 |       6 |  10.2
            +---------+---------+-------+---------+---------+-------
        D:1 |      13 |       0 |   0.0 |       8 |       0 |   0.0
        D:2 |      34 |       0 |   0.0 |      11 |       0 |   0.0
        D:3 |     125 |       0 |   0.0 |      26 |       0 |   0.0
        D:4 |     136 |       0 |   0.0 |       8 |       0 |   0.0
    Ossuary |       0 |       7 | 100.0 |       0 |       6 | 100.0
            +---------+---------+-------+---------+---------+-------
